 Dungeon Crawl Stone Soup version 0.21.1-1-g345015f (webtiles) character file.

57 GoodBoy the Sneak (level 4, -2/24 HPs)
             Began as a Kobold Enchanter on Feb 6, 2018.
             Slain by a goblin (3 damage)
             ... on level 2 of the Dungeon.
             The game lasted 00:04:28 (1467 turns).

GoodBoy the Sneak (Kobold Enchanter)                Turns: 1467, Time: 00:04:29

Health: -2/24      AC:  2    Str:  5    XL:     4   Next: 18%
Magic:  7/7        EV: 16    Int: 16    God:
Gold:   48         SH:  0    Dex: 16    Spells: 6/7 levels left

rFire    . . .     SeeInvis .   a - +1 dagger
rCold    . . .     Gourm    .   (shield restricted)
rNeg     . . .     Faith    .   b - +0 robe
rPois    .         Spirit   .   (no helmet)
rElec    .         Reflect  .   (no cloak)
rCorr    .         Harm     .   (no gloves)
MR       .....                  (no boots)
Stlth    +++.......             (no amulet)
HPRegen  0.08/turn              (no ring)
MPRegen  0.10/turn              (no ring)

@: no status effects
A: small, carnivore
a: no special abilities


You were on level 2 of the Dungeon.
You were completely stuffed.

You visited 1 branch of the dungeon, and saw 2 of its levels.

You collected 48 gold pieces.

Inventory:

Hand Weapons
 a - a +1 dagger (weapon)
Missiles
 f - 53 stones (quivered)
Armour
 b - a +0 robe (worn)
Jewellery
 g - an uncursed amulet of harm {unknown}
Scrolls
 j - 2 scrolls of teleportation {unknown}
 m - a scroll of fear {unknown}
Potions
 k - a potion of agility {unknown}
 l - a potion of flight {unknown}
Books
 c - a book of Maledictions

   Spells                             Type                      Level
   a - Corona                         Hexes                        1
   b - Ensorcelled Hibernation        Hexes/Ice                    2
   c - Confuse                        Hexes                        3
   d - Tukima's Dance                 Hexes                        3
   e - Dazzling Spray                 Conjuration/Hexes            3
Comestibles
 d - 3 rations
 h - 8 chunks of flesh


   Skills:
 + Level 1.8 Short Blades
 + Level 0.4 Throwing
 + Level 3.1 Dodging
 * Level 5.0 Stealth
 - Level 2.1 Spellcasting
 * Level 3.6 Hexes


You had 6 spell levels left.
You knew the following spells:

 Your Spells              Type           Power        Failure   Level  Hunger
a - Corona                Hex            ##.....      4%          1    #......


Dungeon Overview and Level Annotations

Branches:
Dungeon (2/15)

Altars:


Innate Abilities, Weirdness & Mutations

You are small and have problems with some larger weapons.
You are carnivorous and can eat meat at any time.


Message History

There's nothing to close nearby.
You close the door.
A hobgoblin opens the door.
The hobgoblin moves out of view.
You close the door.
A hobgoblin opens the door.
You close the door.
A hobgoblin opens the door.
There's a creature in the doorway!
Things that are here:
a dagger; a club x2
You open the door. The goblin hits you.
* * * LOW HITPOINT WARNING * * *
There is an open door, spattered with blood here.
A bat comes into view.
The bat hits you.
* * * LOW HITPOINT WARNING * * *
The bat closely misses you. The bat misses you. The bat completely misses you.
There is a stone staircase leading up here.
The bat hits you but does no damage. The goblin hits you.
You die...

..# ..### #.####.##.##
###..# #..#)..#...#
.#..# # ##...####'##
....# ###.# ##..##.#...#
#...# #<..# ##..')gg...+
#...## #####
....##.#...# ##....#
.#..g####'####...#.####.
.#...g.#...#..gg@.......
.##....##g##....b..####.
.####...###.g.........#
... #.....g.....#....##
## ##.>..).....#.....#
##.####.......#..# #.#
####.......# #.#
###.....# #.# .#...#


You could see 3 hobgoblins, a goblin and a bat.

Vanquished Creatures
  3 adders (D:2)
  A leopard gecko (D:1)
  5 bats
  A giant cockroach (D:1)
  8 goblins
  5 hobgoblins
  A frilled lizard (D:1)
  3 rats (D:1)
27 creatures vanquished.

Notes
Turn   | Place    | Note
-------+----------+-------------------------------------------
     0 | D:1      | GoodBoy the Kobold Enchanter began the quest for the Orb.
     0 | D:1      | Reached XP level 1. HP: 10/10 MP: 3/3
   236 | D:1      | Reached XP level 2. HP: 15/15 MP: 5/5
   712 | D:2      | Reached XP level 3. HP: 3/19 MP: 6/6
  1368 | D:2      | Reached XP level 4. HP: 24/24 MP: 7/7
  1402 | D:2      | Reached skill level 5 in Stealth
  1433 | D:2      | HP: 1/24 [goblin/dagger (3)]
  1450 | D:2      | HP: 1/24 [goblin (2)]
  1462 | D:2      | HP: 1/24 [bat (1)]
  1467 | D:2      | Slain by a goblin

Skill      XL: |  1  2  3  4 |
---------------+-------------+-----
Dodging        | 3 |  3.1
Stealth        | 5 |  5.0
Short Blades   | |  1.8
Throwing       | |  0.4
Spellcasting   | |  2.1
Hexes          | |  3.6

Action                   |  1- 3 |  4- 6 || total
-------------------------+-------+-------++-------
Melee: Dagger            |   117 |    41 ||   158
Throw: Stone             |     5 |       ||     5
 Cast: Corona            |     4 |       ||     4
  Use: Potion            |     4 |       ||     4
 Stab: Sleeping          |     8 |       ||     8
  Eat: Chunk             |     8 |     2 ||    10
Armor: Robe              |    26 |     2 ||    28
Dodge: Dodged            |    95 |    22 ||   117
